 Dungeon Crawl Stone Soup version 0.29.1-15-g9cfb28693d (webtiles) character file.

Game seed: 5310435919360002251

102 asdfasdf the Chopper (level 4, -2/40 HPs)
             Began as a Hill Orc Fighter on Apr 29, 2023.
             Slain by an orc
             ... wielding a +0 trident
              (6 damage)
             ... on level 3 of the Dungeon.
             The game lasted 00:05:12 (2104 turns).

asdfasdf the Chopper (Hill Orc Fighter)             Turns: 2104, Time: 00:05:13

Health: -2/40      AC:  7    Str: 20    XL:     4   Next: 77%
Magic:  4/4        EV:  9    Int:  8    God:
Gold:   164        SH:  4    Dex: 10    Spells: 3/3 levels left

rFire   . . .      SeeInvis .   a - +0 war axe
rCold   . . .      Faith    .   c - +0 buckler
rNeg    . . .      Spirit   .   b - +0 scale mail
rPois   .          Reflect  .   (no helmet)
rElec   .          Harm     .   (no cloak)
rCorr   .          Rampage  .   (no gloves)
Will    .....                   (no boots)
Stlth   ..........              (no amulet)
HPRegen 0.13/turn               (no ring)
MPRegen 0.09/turn               (no ring)

@: mighty
A: no striking features
a: Convert to Beogh


You were on level 3 of the Dungeon.
You visited 1 branch of the dungeon, and saw 3 of its levels.

You collected 164 gold pieces.

Inventory:

Hand Weapons
 a - a +0 war axe (weapon)
Armour
 b - a +0 scale mail (worn)
 c - a +0 buckler (worn)
 h - a +1 robe of resistance
Jewellery
 j - a ring of protection from cold
 l - a ring of resist corrosion
Scrolls
 e - a scroll of fear {unknown}
 f - a scroll of identify {unknown}
 i - a scroll of teleportation {unknown}
Potions
 g - a potion of haste {unknown}
 k - 2 potions of lignification {unknown}
 m - a potion of curing {unknown}


   Skills:
 + Level 4.3 Fighting
 + Level 4.6 Axes
 + Level 4.0 Armour
 + Level 0.3 Dodging
 + Level 3.6 Shields


You had 3 spell levels left.
You didn't know any spells.
Your spell library contained the following spells:

 Spells                   Type           Power      Damage    Failure   Level
 Sandblast                Erth           0%         2d4       85%         1
 Passwall                 Tmut/Erth      0%         N/A       94%         2
 Stone Arrow              Conj/Erth      0%         3d7       99%         3


Dungeon Overview and Level Annotations

Branches:
Dungeon (3/15)

Altars:


Message History

The orc closely misses you.
You closely miss the orc.
An endoplasm comes into view.
The orc misses you. You block the orc's attack.
You closely miss the orc. The orc misses you. The orc hits you with a +0 club.
You slash the orc!
You kill the orc!
The orc hits you from afar with a +0 trident.
The orc priest shouts, "Beogh is our master!
Accept the truth or die!"
The orc priest closely misses you.
The orc hits you from afar with a +0 trident.
You hit the orc priest but do no damage.
The orc closely misses you. You block the orc priest's attack.
You hit the orc priest.
The orc priest is moderately wounded.
The orc priest threatens, "By the altar or by the axe, you will meet Beogh!"
The orc hits you from afar with a +0 trident.
The orc priest hits you but does no damage.
You closely miss the orc priest.
The orc priest is moderately wounded.
The orc hits you but does no damage. The orc priest completely misses you.
You block the orc priest's attack.
The orc hits you from afar with a +0 trident.
You barely miss the orc priest.
The orc priest is moderately wounded.
The orc priest calls down the wrath of Beogh upon you.
Beogh smites you!
* * * LOW HITPOINT WARNING * * *
The orc hits you from afar with a +0 trident.
* * * LOW HITPOINT WARNING * * *
The orc priest hits you but does no damage.
The orc priest shouts, "Beogh is our master!
Accept the truth or die!"
You feel very mighty all of a sudden. The orc barely misses you.
The orc priest threatens, "By the altar or by the axe, you will meet Beogh!"
The orc priest hits you but does no damage.
You hit the orc priest.
The orc priest is heavily wounded.
The orc hits you from afar with a +0 trident.
You die...

. #.......... .##
#.......... ..#
##.......... #.#
#...?.......
#.#######...........
####.##....#oJ######...
#....##....ob## .
#....'.....#o#
#....##.>.##@#
#....###.###.# #....#
#.# #.# #....# #.# #..
#....# #.# #### ######
#.# ##'#### #.....# #.
#.....#


You could see 2 orc priests, an orc, an endoplasm and a bat.

Vanquished Creatures
  3 adders (D:2)
  3 worms (D:2)
  3 dart slugs
  2 orcs (D:3)
  4 endoplasms
  7 giant cockroaches
  4 goblins
  5 hobgoblins
  6 kobolds
  A quokka (D:2)
  6 ball pythons
  2 bats (D:1)
  4 frilled lizards
  6 rats
56 creatures vanquished.

Notes
Turn   | Place    | Note
-------+----------+-------------------------------------------
     0 | D:1      | asdfasdf the Hill Orc Fighter began the quest for the Orb.
     0 | D:1      | Reached XP level 1. HP: 19/19 MP: 1/1
     9 | D:1      | Found a faded altar of an unknown god.
   128 | D:1      | Reached XP level 2. HP: 27/27 MP: 2/2
   557 | D:1      | Reached XP level 3. HP: 33/33 MP: 3/3
  1095 | D:2      | Reached XP level 4. HP: 9/40 MP: 4/4
  2104 | D:3      | Slain by an orc

Illustrated notes

Levels and vault maps discovered:
D:1:      lightli_molten_gateway, layout_basic, ebering_ecumenical_altar_rust
D:2:      layout_loops_ring
D:3:      layout_basic, ashenzari_altar_1, kennysheep_okawaru_gauntlet,
          st_stairs_12, uniq_ijyb, uniq_jessica

Skill      XL: |  1  2  3  4 |
---------------+-------------+-----
Axes           | 3 4 |  4.6
Fighting       | 4 |  4.3
Armour         | 4 |  4.0
Dodging        | |  0.3
Shields        | |  3.6

Action                   |  1- 3 |  4- 6 || total
-------------------------+-------+-------++-------
Melee: War axe           |    90 |    75 ||   165
  Use: Potion            |       |     1 ||     1
Armor: Scale mail        |    76 |    49 ||   125
Dodge: Dodged            |    67 |    44 ||   111
Block: Buckler           |    24 |    13 ||    37
